Description

An econmic build order designed to clear overlord vision and pressure with a 1/1 combat shields tank push

VOD

https://www.youtube.com/watch?v=PRUJTe60ahk&t=986s

Build Order

Get SALT Encoding   

  14  00:18  Supply Depot  
  15  00:41  Barracks  
  16  00:45  Refinery  
  19  1:33  Orbital Command  
  20  1:43  Command Center  
  20  1:52  Supply Depot  
  21  2:05  Marine  
  21  2:13  Factory  
  24  2:21  Barracks Reactor  
  25  2:39  Command Center  
  26  2:54  Orbital Command  
  26  3:02  Starport  
  29  3:12  Refinery  
  40  3:42  Barracks Tech Lab  
  44  3:58  Orbital Command  
  47  4:01  Stimpack  
  49  4:18  Factory Reactor  
  53  4:24  Barracks x2, Refinery x2  
  60  4:50  Engineering Bay x2  
Spawning Tool Build Advisor. Get it on Overwolf

Go to:

Details

  • Created by: Steven721
  • Published on: Apr 12, 2020
  • Modified on: Apr 12, 2020
  • Patch: 4.11.0
Show
View Real Time Build Order
Export as new Build Order

Comments (0)

There are no comments. Be the first!

Create an account to comment!